[Event "Early-Titled-Tuesday-Blitz-February-27-2024"]
[Site "Chess.com"]
[Date "2024.02.27"]
[Round "8"]
[White "lluiss"]
[Black "cthake"]
[Result "1-0"]
[WhiteElo "2167"]
[BlackElo "1826"]
[TimeControl "180+1"]
[EndTime "9:28:13 PST"]
[Termination "lluiss won by checkmate"]

1. e4 c5 2. Nf3 Nc6 3. d4 cxd4 4. Nxd4 Nf6 5. Nc3 e5 6. Nxc6 bxc6 7. Bc4 Bb4 8. Bg5 Bxc3+ 9. bxc3 O-O 10. O-O d6 11.
Qf3 Be6 12. Bb3 a5 13. Rfd1 a4 14. Bxe6 fxe6 15. Qd3 d5 16. c4 Qb6 17. Bxf6 Rxf6 18.
exd5 Rxf2 19. Kh1 cxd5 20. cxd5 Rd8 21. d6 e4 22. Qxe4 Rxd6 23. Qa8+ Rf8 24. Rxd6 Qxd6 25. Qxa4 Qe5 26. Rg1 Qf4 27. Qb3 Qf6 28. h3 Kh8 29. Re1 e5 30. a4 Qf4 31. a5 e4 32. a6 Rb8 33. Qc4 Qd6 34. a7 Ra8 35. Qxe4 Qd8 36. Qe3 Qf8 37. Ra1 Qc8 38. Qf2 Qe8 39. Qb6 Qc8 40. Rb1 Qe8 41. Qb8 Rxb8 42. axb8=Q Qg8 43. Qxg8+ Kxg8 44. Rc1 Kf7 45. c4 Ke6 46. c5 Kd7 47.
c6+ Kc7 48. Kh2 Kc8 49. Kg3 Kc7 50. Kf4 Kc8 51. Ke4 Kc7 52. Kd3 Kc8 53. Kd4 Kc7 54. Kd5 Kc8 55. Kd6 g6 56. Rf1 h5 57.
Rf8# 1-0

[Event "Early-Titled-Tuesday-Blitz-February-27-2024"]
[Site "Chess.com"]
[Date "2024.02.27"]
[Round "8"]
[White "stollenmonster"]
[Black "Skatchkov_V"]
[Result "1-0"]
[WhiteElo "2886"]
[BlackElo "2665"]
[TimeControl "180+1"]
[EndTime "9:28:14 PST"]
[Termination "stollenmonster won by resignation"]

1. e4 e5 2. Nc3 Nf6 3. g3 d5 4.
exd5 Nxd5 5. Bg2 Nxc3 6. bxc3 Nc6 7. d3 Bc5 8. Ne2 O-O 9. O-O Be6 10. c4 Qd7 11. Be3 Bxe3 12. fxe3 b6 13. Nc3 Rad8 14.
Qh5 f6 15. Nd5 Ne7 16. Nxe7+ Qxe7 17. Be4 g6 18. Qe2 Qc5 19. Rab1 a6 20. c3 Kg7 21.
Rfc1 Rd7 22. a4 Rfd8 23. Rb4 f5 24. d4 exd4 25. exd4 Rxd4 26. cxd4 Qxb4 27. Bg2 Qd6 28. Kh1 Bf7 29. Rd1 Re8 30. Qd3 Qb4 31. d5 Re1+ 32.
Bf1 Rxd1 33. Qxd1 Qc3 34. Qe2 Kf6 35. Kg2 h6 36. h4 Qe5 37. Qd2 Be8 38. Qxh6 Qe4+ 39.
Kh2 Bxa4 40. Qh8+ Ke7 41. Qg7+ Kd6 42. Qxg6+ Kc5 43. Bg2 Qe2 44. Qxf5 Bc2 45. Qf4 a5 46. Qxc7+ Kd4 47. Qxb6+ Ke5 48. Qe6+ 1-0

[Event "Early-Titled-Tuesday-Blitz-February-27-2024"]
[Site "Chess.com"]
[Date "2024.02.27"]
[Round "8"]
[White "Aygehovit1992"]
[Black "Anton_Demchenko"]
[Result "1-0"]
[WhiteElo "2697"]
[BlackElo "2874"]
[TimeControl "180+1"]
[EndTime "9:28:14 PST"]
[Termination "Aygehovit1992 won by checkmate"]

1. e4 e5 2. Nf3 Nc6 3. Bb5 a6 4. Ba4 Nge7 5. Nc3 d6 6. O-O h6 7. h3 g5 8. d4 Bg7 9. dxe5 dxe5 10. Qxd8+ Kxd8 11. Rd1+ Bd7 12. Be3 Kc8 13. Rd2 Be6 14.
Rad1 Rd8 15. Nd5 Bxd5 16. exd5 Na5 17. Bc5 Nf5 18. Re2 f6 19. c3 Bf8 20. Bc2 Nd6 21. b3 Nb5 22. Bxf8 Nxc3 23. Be7 Nxe2+ 24. Kf1 Nc3 25.
Bxd8 Nxd1 26. Bxf6 Nc3 27. Bf5+ Kb8 28. Be6 Nxa2 29.
Nxe5 Nb4 30. Nd7+ Ka7 31. Bd4+ b6 32. Bg7 Rd8 33. Bxh6 Nxd5 34. Bxg5 Rxd7 35. Bxd7 Nxb3 36. h4 a5 37. h5 Nd4 38. h6 b5 39. h7 a4 40.
h8=Q c5 41. Qg7 Kb6 42. Bd8+ Ka6 43. Qg6+ Kb7 44. Qd6 Nc3 45. Qc7+ Ka8 46. Qc8+ Ka7 47. Qc7+ Ka6 48. Qb6# 1-0

[Event "Early-Titled-Tuesday-Blitz-February-27-2024"]
[Site "Chess.com"]
[Date "2024.02.27"]
[Round "8"]
[White "xasid81"]
[Black "BardArtem"]
[Result "1-0"]
[WhiteElo "2560"]
[BlackElo "2738"]
[TimeControl "180+1"]
[EndTime "9:28:14 PST"]
[Termination "xasid81 won by checkmate"]

1. d4 Nf6 2. Nf3 b6 3. g3 Bb7 4.
Bg2 g6 5. O-O Bg7 6. b3 O-O 7.
Bb2 e6 8. Nbd2 d5 9. Re1 Nbd7 10.
c4 c5 11. Ne5 Nxe5 12. dxe5 Ng4 13. cxd5 Nxe5 14. dxe6 Bxg2 15. Kxg2 Qd5+ 16. Nf3 Qxe6 17. Bxe5 Bxe5 18. Nxe5 Qxe5 19. Qc2 Rad8 20. Rad1 h5 21. h4 Rfe8 22. e3 Qe6 23. Kg1 Qg4 24. Rxd8 Rxd8 25. Qe2 Qxe2 26. Rxe2 Kg7 27. Rc2 Kf6 28. Kf1 Kf5 29.
Ke2 f6 30. a3 g5 31. Rc4 Re8 32. Kf3 g4+ 33. Ke2 Re4 34. Kd3 Rxc4 35. bxc4 Ke5 36. e4 Ke6 37. a4 Ke5 38. Ke3 a6 39. Kd3 Ke6 40. Ke2 Kd6 41. f3 gxf3+ 42. Kxf3 Ke5 43. Ke3 f5 44. exf5 Kxf5 45. Kf3 a5 46. g4+ hxg4+ 47. Kg3 Ke5 48. Kxg4 b5 49. cxb5 c4 50. b6 c3 51.
b7 Kd4 52. b8=Q Kd3 53. Qf4 c2 54. Qc1 Kc3 55. h5 Kb3 56. h6 Ka2 57. h7 Kb3 58. h8=Q Kxa4 59. Qxc2+ Kb4 60. Qd4+ Ka3 61. Qdc3# 1-0

[Event "Early-Titled-Tuesday-Blitz-February-27-2024"]
[Site "Chess.com"]
[Date "2024.02.27"]
[Round "8"]
[White "the_blue_pill"]
[Black "Hananmo"]
[Result "1-0"]
[WhiteElo "2421"]
[BlackElo "2513"]
[TimeControl "180+1"]
[EndTime "9:28:16 PST"]
[Termination "the_blue_pill won by resignation"]

1. e4 c5 2. Nf3 e6 3. c3 d5 4.
e5 Nc6 5. d4 Qb6 6. a3 Nh6 7.
b4 cxd4 8. cxd4 Nf5 9. Be3 Bd7 10. Bd3 Be7 11. O-O h5 12. Nc3 g6 13. Na4 Qd8 14. Rc1 h4 15. h3 Nxe3 16. fxe3 Bg5 17. Nxg5 Qxg5 18. Qf3 O-O 19. Nc5 Bc8 20. Bb5 Ne7 21.
Bd3 b6 22. Nb3 a5 23. bxa5 bxa5 24. Rc7 Ba6 25. Bxa6 Rxa6 26. Nc5 Raa8 27. Nd7 Nf5 28. Nxf8 Rxf8 29. Qf4 Qxf4 30. Rxf4 Rb8 31. Ra7 Rb1+ 32. Kf2 Rb5 33. Kf3 Kg7 34. a4 Rb3 35. Rxf5 gxf5 36.
Rxa5 Rb2 37. Ra8 Ra2 38. a5 Ra3 39. a6 Ra2 40. a7 Ra1 41. g3 hxg3 42. Kxg3 Ra3 43.
Kf4 Ra1 44. h4 Rf1+ 45. Kg3 Rg1+ 46. Kf2 Ra1 47. h5 Ra2+ 48. Kf3 Ra1 49. h6+ Kh7 50. Kg3 Rg1+ 51. Kh4 Ra1 52. Kg5 f4 53. exf4 f5 54.
exf6 e5 55. fxe5 Rg1+ 56. Kf5 Rg5+ 57. Ke6 1-0

[Event "Early-Titled-Tuesday-Blitz-February-27-2024"]
[Site "Chess.com"]
[Date "2024.02.27"]
[Round "8"]
[White "Schachmalanders"]
[Black "martinmena"]
[Result "1/2-1/2"]
[WhiteElo "2465"]
[BlackElo "2258"]
[TimeControl "180+1"]
[EndTime "9:28:16 PST"]
[Termination "Game drawn - insufficient material"]

1. e4 c6 2. Nf3 d5 3. Nc3 Bg4 4. h3 Bxf3 5. Qxf3 e6 6. Be2 Nf6 7. d3 Bb4 8. a3 Ba5 9. b4 Bb6 10.
O-O O-O 11. Na4 Bd4 12. c3 Be5 13. d4 dxe4 14. Qe3 Bd6 15. Nc5 Bxc5 16. bxc5 Nd5 17. Qd2 Qa5 18. c4 Qxd2 19. Bxd2 Ne7 20. Rab1 Nf5 21.
Bc3 Rd8 22. Rfd1 b6 23. cxb6 axb6 24. Rxb6 Rxa3 25. Bb2 Ra6 26. Rb7 Nd7 27. g4 Nd6 28.
Rc7 Ra4 29. Rxc6 Ne8 30. d5 exd5 31. Rxd5 Nef6 32. Rd1 Raa8 33. Rcd6 Ra7 34. c5 Kf8 35. c6 Ke7 36. cxd7 Rdxd7 37. Bxf6+ gxf6 38. Rxd7+ Rxd7 39. Rxd7+ Kxd7 40. Kg2 Kd6 41. Kg3 Ke5 42. Bb5 f5 43. Be8 fxg4 44. hxg4 f5 45. gxf5 Kxf5 46. Bd7+ Kg5 47. Bc6 Kf5 48. Bd7+ Kg5 49. Bc8 h6 50. Bg4 h5 51. Bd7 h4+ 52. Kh3 Kf4 53. Bg4 e3 54.
fxe3+ Kxe3 55. Kxh4 1/2-1/2

[Event "Early-Titled-Tuesday-Blitz-February-27-2024"]
[Site "Chess.com"]
[Date "2024.02.27"]
[Round "8"]
[White "vovachesss"]
[Black "Susal_De_Silva"]
[Result "1-0"]
[WhiteElo "2774"]
[BlackElo "2621"]
[TimeControl "180+1"]
[EndTime "9:28:17 PST"]
[Termination "vovachesss won by resignation"]

1. e4 e5 2. f4 d5 3. exd5 exf4 4. Nf3 Nf6 5. Bc4 Bd6 6. O-O O-O 7. Nc3 a6 8. a4 Re8 9. d4 h6 10. Ne5 Nbd7 11. Nxd7 Bxd7 12. Bxf4 Qe7 13. Qd2 Bxf4 14. Rxf4 Qd6 15. Raf1 Ng4 16. Bd3 g5 17. Rxg4 Bxg4 18. Ne4 Rxe4 19. Bxe4 Re8 20. Qd3 b5 21. axb5 axb5 22.
c3 Kg7 23. b3 Qe7 24. Bf3 Bd7 25. Bh5 Rf8 26. Qg3 Qd6 27. Qe5+ f6 28. Qxd6 cxd6 29. Re1 Bf5 30. Re7+ Kg8 31. c4 bxc4 32. bxc4 Rc8 33. Be2 Ra8 34. c5 Ra2 35. cxd6 Kf8 36. Bh5 Rd2 37. Rf7+ Kg8 38. d7 Bxd7 39. Rxd7 Rxd4 40.
d6 f5 41. Rd8+ Kg7 42. d7 g4 43. Kf2 Kf6 44. Ke3 Rd1 45. Rf8+ Ke7 46. d8=Q+ Rxd8 47. Rxd8 Kxd8 48. Kf4 g3 49. hxg3 Ke7 50. Kxf5 Kf8 51. Kg6 1-0

[Event "Early-Titled-Tuesday-Blitz-February-27-2024"]
[Site "Chess.com"]
[Date "2024.02.27"]
[Round "8"]
[White "nekotyanof"]
[Black "claudyna16"]
[Result "1-0"]
[WhiteElo "2640"]
[BlackElo "2474"]
[TimeControl "180+1"]
[EndTime "9:28:18 PST"]
[Termination "nekotyanof won by resignation"]

1. e4 e5 2. Nf3 Nc6 3. Bc4 Nf6 4. d3 h6 5. O-O d6 6. a4 g6 7. Nc3 Bg7 8. d4 exd4 9. Nxd4 O-O 10.
Nxc6 bxc6 11. Be3 Kh7 12. h3 Be6 13. Bxe6 fxe6 14. Qd3 d5 15. Rad1 Nd7 16. Qa6 Ne5 17. exd5 exd5 18. Rfe1 Qd7 19. Bd4 Rae8 20. Bxe5 Bxe5 21.
Qxa7 Bg7 22. a5 Ra8 23. Qc5 Qd6 24. Qxd6 cxd6 25. Ra1 Rfb8 26. Ra2 Ra7 27. Re6 Be5 28.
Nd1 Kg7 29. c3 Kf7 30. Rxe5 dxe5 31. b4 d4 32. Ra4 Ke6 33. Kf1 Kd5 34. Ke2 Kc4 35. b5+ Kc5 36. b6 Ra6 37. cxd4+ exd4 38. Nb2 Kb5 39. Rxd4 Rxa5 40. Nc4 Ra2+ 41. Kf1 Kc5 42. Rg4 g5 43. Ne5 Rd8 44. Rc4+ Kb5 45. Rc1 c5 46. b7 Kb6 47. b8=Q+ Rxb8 48. Nd7+ Kc7 49. Nxb8 Kxb8 50. Rxc5 Ra6 51. g4 Kb7 52. Kg2 Kb6 53. Rc8 Kb7 54. Rc3 Rf6 55. Kg3 Kb6 56. f3 Kb7 57. h4 Kb6 58. Rc1 Kb7 59. hxg5 hxg5 60. Rc5 Rg6 61. Kf2 Kb6 62. Rc8 Kb7 63. Rc3 Kb6 64.
Ke3 Re6+ 65. Kd4 Re7 66. Kd5 Re8 67. Kd6 Kb7 68. Kd7 Re5 69. Rb3+ Ka6 70. Kd6 Re8 71. Kc6 Rc8+ 72. Kd7 Rf8 73. Ke6 Ka5 74. Ke7 Rf4 75. Ke6 Ka4 76. Re3 Kb5 77. Re5+ Kc6 78. Rf5 Ra4 79. Rxg5 1-0

[Event "Early-Titled-Tuesday-Blitz-February-27-2024"]
[Site "Chess.com"]
[Date "2024.02.27"]
[Round "8"]
[White "KhazhatulyAlikhan"]
[Black "sotochess"]
[Result "0-1"]
[WhiteElo "2442"]
[BlackElo "2632"]
[TimeControl "180+1"]
[EndTime "9:28:20 PST"]
[Termination "sotochess won on time"]

1. e4 d5 2. exd5 Qxd5 3. d4 c6 4. Nc3 Qa5 5. Nf3 Nf6 6. Bc4 Bg4 7. h3 Bh5 8. g4 Bg6 9. Ne5 Nbd7 10. Nxg6 hxg6 11. Qf3 e6 12. Bf4 Qb4 13. Bb3 Qxd4 14. Rd1 Qb4 15. O-O Rxh3 16. Qxh3 Qxf4 17. f3 O-O-O 18.
Qh2 Bc5+ 19. Kg2 Qg5 20. Qg3 Bb6 21. Rfe1 Bc7 22. Qf2 Rh8 23. Rh1 Rxh1 24. Rxh1 Bb6 25. Rh8+ Kc7 26. Qg3+ Qe5 27. Qxe5+ Nxe5 28. Rh1 g5 29.
Re1 Ng6 30. Ne2 a5 31. c3 Be3 32. Bc2 Ne7 33. Rd1 Ned5 34. Rd3 b5 35. b3 Bb6 36. Bb1 Nd7 37. Rd1 Ne3+ 38. Kf2 Nxd1+ 39. Ke1 Ne3 40. Kd2 Nd5 41. Be4 Nc5 42. c4 bxc4 43.
bxc4 Nb4 44. a3 Nxe4+ 45. fxe4 Na6 46. Nc3 Nc5 47. e5 f6 48. exf6 gxf6 49. Ke2 Kd6 50. Ke3 Ke5 51. Kf3 f5 52. Ne2 Ne4 53. a4 Nd2+ 0-1

[Event "Early-Titled-Tuesday-Blitz-February-27-2024"]
[Site "Chess.com"]
[Date "2024.02.27"]
[Round "8"]
[White "mightysmasher"]
[Black "ljuks68"]
[Result "1-0"]
[WhiteElo "2544"]
[BlackElo "2410"]
[TimeControl "180+1"]
[EndTime "9:28:20 PST"]
[Termination "mightysmasher won by resignation"]

1. e4 e6 2. d4 d5 3. exd5 exd5 4. Nf3 Nf6 5. Bd3 c5 6. c3 Nc6 7. O-O Be7 8. Bg5 O-O 9. dxc5 Bxc5 10. Nbd2 Bb6 11.
Qc2 h6 12. Bh4 Re8 13. Rfe1 Be6 14. Bf5 Rc8 15. Bxe6 fxe6 16. Qg6 Ne7 17. Bxf6 Nxg6 18. Bxd8 Rcxd8 19. Nb3 e5 20. Rad1 e4 21. Nfd4 Nf4 22. a4 a6 23. a5 Ba7 24. Nc1 Ng6 25. Nce2 Ne5 26. Nf4 g5 27. Nh5 Kf7 28. Ng3 Nd3 29.
Re2 Bxd4 30. cxd4 Kg6 31. h3 Rc8 32. Nf1 Rc4 33. Ne3 Rxd4 34. Nc2 Rc4 35. Na3 Rcc8 36. Nc2 h5 37. Ne3 Red8 38. Red2 d4 39. Nf1 g4 40. hxg4 hxg4 41. f3 gxf3 42. gxf3 Nf4 43. fxe4 Kf6 44.
Nh2 Rg8+ 45. Kf1 Ke5 46. Rxd4 Rcf8 47. Nf3+ Ke6 48. Rd6+ Ke7 49. Rd7+ Ke8 50. Rd8+ Ke7 51.
Rxf8 Rxf8 52. Kf2 Ne6 53. Ke3 Nc5 54. b4 Ne6 55. Ne5 Rh8 56. Ng6+ 1-0

[Event "Early-Titled-Tuesday-Blitz-February-27-2024"]
[Site "Chess.com"]
[Date "2024.02.27"]
[Round "8"]
[White "PLAYER_2006_M"]
[Black "Szparu"]
[Result "1-0"]
[WhiteElo "3020"]
[BlackElo "2790"]
[TimeControl "180+1"]
[EndTime "9:28:22 PST"]
[Termination "PLAYER_2006_M won by resignation"]

1. e4 d5 2. exd5 Nf6 3. d4 Nxd5 4. c4 Nb6 5. Nc3 e5 6. Nf3 exd4 7. Qxd4 Qxd4 8.
Nxd4 Be7 9. Be3 O-O 10. O-O-O c6 11. Be2 Na6 12. Rhe1 Nc7 13. Bf1 Bf6 14. Ne4 Be7 15. b3 Ba3+ 16. Kc2 Ne6 17. Bd3 Nxd4+ 18. Bxd4 Bg4 19.
f3 Bh5 20. Bc5 Bxc5 21. Nxc5 a5 22. a4 Rad8 23. Nxb7 Rd7 24. Nc5 Rc7 25. Kc3 g5 26.
Re5 h6 27. Bf5 f6 28. Re6 Kg7 29. Red6 Bf7 30. Re1 Nc8 31. Bxc8 Rfxc8 32. g3 Ra7 33. f4 Rb8 34. fxg5 hxg5 35. Rxc6 Rh8 36. Re2 Rd8 37. Rb6 Rd1 38. Rb7 Rxb7 39. Nxb7 Bg6 40. Nxa5 Rd3+ 41. Kb4 f5 42. Nc6 f4 43. gxf4 gxf4 44. Ne5 Re3 45. Rxe3 fxe3 46. Kc3 Be4 47. Ng4 e2 48. Kd2 Bc2 49. b4 Bxa4 50. Kxe2 Bb3 51. Kd3 Bd1 52. Ne3 Bf3 53. b5 Kf6 54. Kd4 Kg5 55. Ke5 Kh4 56.
c5 Kh3 57. c6 Kxh2 58. c7 Bb7 59. Nc4 Kg3 60. Nd6 1-0

[Event "Early-Titled-Tuesday-Blitz-February-27-2024"]
[Site "Chess.com"]
[Date "2024.02.27"]
[Round "8"]
[White "NikitaShnadrygin"]
[Black "sorch29"]
[Result "1-0"]
[WhiteElo "2610"]
[BlackElo "2396"]
[TimeControl "180+1"]
[EndTime "9:28:22 PST"]
[Termination "NikitaShnadrygin won by resignation"]

1. e4 c5 2. Nf3 Nc6 3. d4 cxd4 4. Nxd4 Nf6 5. Nc3 e5 6. Ndb5 d6 7. Bg5 a6 8. Na3 b5 9. Nd5 Be7 10. Bxf6 Bxf6 11. c3 Bg5 12. Nc2 Rb8 13. g3 O-O 14. Bg2 a5 15. a3 Be6 16. O-O Ne7 17. Nce3 Bxe3 18. Nxe3 Qb6 19. b4 Rbc8 20. Qd2 Rc6 21. Rfc1 Rfc8 22. Bf1 R6c7 23. Rab1 Bd7 24. Rc2 Qa6 25. a4 axb4 26. Rxb4 Rc5 27. axb5 Bxb5 28. Bxb5 Rxb5 29. Rxb5 Qxb5 30. Qxd6 Re8 31. c4 Qa5 32. c5 Nc8 33. Qc6 Rd8 34. Kg2 h5 35. h4 g6 36. Qb7 Kg7 37. c6 Nd6 38. Qb2 f6 39. Rd2 Nf7 40. Nd5 Rc8 41. Rc2 Qa6 42. Qb7 Qa8 43.
Qxa8 Rxa8 44. c7 Nd6 45. Nb6 Rc8 46. Nxc8 Nxc8 47. Rd2 Kf7 48. Rd8 1-0

[Event "Early-Titled-Tuesday-Blitz-February-27-2024"]
[Site "Chess.com"]
[Date "2024.02.27"]
[Round "8"]
[White "guillembaches"]
[Black "Bkmzzzzz"]
[Result "1-0"]
[WhiteElo "2528"]
[BlackElo "2397"]
[TimeControl "180+1"]
[EndTime "9:28:23 PST"]
[Termination "guillembaches won on time"]

1. d4 d5 2. Nf3 e6 3. c4 dxc4 4. e3 Nf6 5. Bxc4 c5 6. O-O a6 7. dxc5 Bxc5 8. Qxd8+ Kxd8 9. Nbd2 Ke7 10.
Nb3 Bd6 11. Rd1 b5 12. Be2 Bb7 13. Na5 Bd5 14. Nd2 Nc6 15. Nxc6+ Bxc6 16. f3 Bc5 17. Nb3 Bb6 18. Bd2 Nd5 19. Kf2 Rhd8 20. Rac1 Rac8 21. Nc5 a5 22. a3 b4 23. e4 bxa3 24. bxa3 Nf6 25. Be3 Rxd1 26. Bxd1 Nd7 27. Nxd7 Bxe3+ 28. Kxe3 Kxd7 29. Kd4 f6 30. Rc5 Ra8 31. Bb3 Ra6 32.
f4 Rb6 33. Bc4 a4 34. g3 Rb2 35. Bxe6+ Kd6 36. e5+ fxe5+ 37. fxe5+ Kxe6 38. Rxc6+ Kf5 39. Rc7 Rxh2 40. Rxg7 Rd2+ 41. Kc4 Kxe5 42. Rxh7 Rb2 43. Re7+ Kd6 44. Re3 Kc6 45. g4 Rg2 46. Re4 Rb2 47.
g5 Rb3 48. Rg4 Rb7 49. g6 Rg7 50. Kb4 Kd5 51. Kxa4 Kc5 52. Kb3 Rc7 53. g7 1-0

[Event "Early-Titled-Tuesday-Blitz-February-27-2024"]
[Site "Chess.com"]
[Date "2024.02.27"]
[Round "8"]
[White "UnTucopalaTimba"]
[Black "PavelChernomordik"]
[Result "0-1"]
[WhiteElo "1993"]
[BlackElo "2397"]
[TimeControl "180+1"]
[EndTime "9:28:23 PST"]
[Termination "PavelChernomordik won by resignation"]

1. e4 g6 2. d4 Bg7 3. Be3 c5 4.
Nc3 Qa5 5. Qd2 cxd4 6. Bxd4 Bxd4 7.
Qxd4 Nf6 8. Nf3 Nc6 9. Qd2 d6 10. h3 O-O 11. Bc4 Qb4 12. Bd3 Kg7 13. O-O Qxb2 14.
a4 Qb6 15. Nd5 Nxd5 16. exd5 Ne5 17. Nxe5 dxe5 18. Rfe1 f6 19. Kh1 Qd6 20. c4 b6 21.
a5 Bd7 22. Qe2 Rfe8 23. Ra2 e6 24. Be4 exd5 25. Bxd5 Bc6 26. Bxc6 Qxc6 27. Rea1 Rac8 28. axb6 axb6 29. Ra7+ Rc7 30. Qf3 Qxc4 31. Rxc7+ Qxc7 32. Qb3 e4 33. Qb5 Re7 34. Ra8 Qc1+ 35. Kh2 Qf4+ 36. Kg1 Rc7 37. Ra1 e3 38. Qe2 exf2+ 39. Qxf2 Qxf2+ 40. Kxf2 Rb7 41. Rb1 f5 42. Rb5 Kf6 43. Kf3 g5 44. g3 h5 45. Ke3 h4 46. gxh4 gxh4 47. Kf4 Ke6 48. Rxf5 Rf7 49. Rxf7 Kxf7 50. Kg5 b5 51.
Kxh4 b4 0-1

[Event "Early-Titled-Tuesday-Blitz-February-27-2024"]
[Site "Chess.com"]
[Date "2024.02.27"]
[Round "8"]
[White "Vaathi_Coming"]
[Black "BilicVladimir"]
[Result "1/2-1/2"]
[WhiteElo "2893"]
[BlackElo "2691"]
[TimeControl "180+1"]
[EndTime "9:28:24 PST"]
[Termination "Game drawn by repetition"]

1. c3 d5 2. d4 c6 3. Nf3 Bf5 4. Bf4 e6 5. e3 Bd6 6. Nbd2 Bxf4 7. exf4 Nf6 8. Be2 Nbd7 9. Ne5 Nxe5 10. fxe5 Nd7 11.
h4 h6 12. g4 Bh7 13. f4 h5 14. g5 Qb6 15. b4 a5 16. a3 axb4 17. axb4 Ke7 18.
Nb3 Be4 19. O-O g6 20. Ra5 Rxa5 21. bxa5 Qc7 22. Qc1 Ra8 23. Qa3+ Ke8 24. Rc1 b6 25. a6 b5 26. Ra1 Qb6 27. a7 Bc2 28. Nc5 Nxc5 29.
dxc5 Qb7 30. f5 Bxf5 31. Qa5 Kd7 32. Bd1 Qc7 33. Qb6 Qxe5 34. Qb7+ Qc7 35. Qxa8 Qg3+ 36. Kf1 Bd3+ 37. Be2 Qf3+ 38. Kg1 Qe3+ 39. Kg2 Qxe2+ 40. Kg1 Qe3+ 41. Kg2 Be4+ 42. Kf1 Qf3+ 43. Ke1 Qxc3+ 44. Kf2 Qd2+ 45. Kf1 Bd3+ 46. Kg1 Qe3+ 47. Kg2 Be4+ 48. Kf1 Qf3+ 49. Ke1 Qe3+ 50. Kf1 Qh3+ 51. Ke2 Qh2+ 52. Ke1 Qg1+ 53. Ke2 Qg2+ 54. Ke1 Qg3+ 55. Ke2 Qf3+ 56. Ke1 Qc3+ 57. Kf2 Qb2+ 58. Ke3 Qc3+ 59. Ke2 Qf3+ 60. Ke1 1/2-1/2

[Event "Early-Titled-Tuesday-Blitz-February-27-2024"]
[Site "Chess.com"]
[Date "2024.02.27"]
[Round "8"]
[White "aistrel"]
[Black "tsaruk_maks"]
[Result "0-1"]
[WhiteElo "2541"]
[BlackElo "2739"]
[TimeControl "180+1"]
[EndTime "9:28:25 PST"]
[Termination "tsaruk_maks won by checkmate"]

1. d4 Nf6 2. Nc3 e6 3. e4 d5 4.
e5 Nfd7 5. f4 c5 6. Nf3 Nc6 7. Be3 a6 8. Ne2 b5 9. c3 Rb8 10. a3 a5 11. g4 b4 12. axb4 axb4 13.
f5 bxc3 14. bxc3 cxd4 15. cxd4 Bb4+ 16. Kf2 O-O 17. Nf4 Qe8 18. Qc1 Ndxe5 19. Nxe5 Nxe5 20. dxe5 exf5 21. Bd4 fxg4 22. Bd3 Be6 23. Kg2 Qd8 24.
Qe3 Qh4 25. Rhf1 Be7 26. Ra2 Bg5 27. Qg3 Qh6 28. Ra7 Rb4 29. Nxe6 Qxe6 30. Qf2 Qh6 31. Kg1 Rxd4 32. Rxf7 Rf4 33. Rxf8+ Kxf8 34. Qc5+ Be7 35. Qc8+ Kf7 36. Qxg4 Rxf1+ 37. Kxf1 Qc1+ 38. Kg2 Qd2+ 39. Be2 g6 40. Kf1 Kg7 41. Qe6 Bh4 42. Qd7+ Kh6 43.
Qg4 Qe1+ 44. Kg2 Qf2+ 45. Kh3 Bg5 46. Qf3 Qd4 47. Kg2 Qxe5 48. Qh3+ Kg7 49. Qd7+ Be7 50. Bg4 h5 51. Be6 Qe2+ 52. Kg1 Kf6 53. Bh3 Bc5+ 54. Kh1 Qf3+ 55. Bg2 Qd1+ 56. Bf1 Qxf1# 0-1

[Event "Early-Titled-Tuesday-Blitz-February-27-2024"]
[Site "Chess.com"]
[Date "2024.02.27"]
[Round "8"]
[White "ScofieldMichael01"]
[Black "GilbertoHernandezAmura"]
[Result "1-0"]
[WhiteElo "2592"]
[BlackElo "2426"]
[TimeControl "180+1"]
[EndTime "9:28:25 PST"]
[Termination "ScofieldMichael01 won by resignation"]

1. e4 d5 2. exd5 Nf6 3. Nf3 Nxd5 4. d4 Bg4 5. c4 Nf6 6. Qb3 Bxf3 7. Qxf3 c6 8. Be3 e6 9. Nc3 Bb4 10. Bd3 Qa5 11. Bd2 Nbd7 12. O-O O-O 13. a3 Be7 14. Rad1 Qb6 15. Bc1 Rad8 16. Bb1 Rfe8 17. h3 a5 18. g3 Nf8 19. c5 Qb3 20. h4 Nd5 21. Qd3 Nxc3 22. Qxc3 a4 23. Bc2 Qd5 24. Bxa4 Bf6 25.
Be3 Ng6 26. Bc2 Qf3 27. Bg5 Qg4 28. Bxf6 gxf6 29. Bxg6 hxg6 30. Kg2 Rd5 31. Qf3 f5 32. Qxg4 fxg4 33. Rd3 Red8 34. Rfd1 e5 35. f3 exd4 36.
fxg4 Rxc5 37. Rxd4 Rc2+ 38. Kf3 Rxd4 39. Rxd4 Rxb2 40.
Rd8+ Kg7 41. Rb8 Rb3+ 42. Kf4 b5 43. Rb6 Rc3 44. g5 Kf8 45. g4 Ke7 46. h5 Kd6 47. h6 Rxa3 48. Rb8 Rh3 49. Rh8 b4 50.
h7 Ke7 51. Ke5 b3 52. Rb8 c5 53. h8=Q Rxh8 54. Rxh8 c4 55. Rb8 1-0

[Event "Early-Titled-Tuesday-Blitz-February-27-2024"]
[Site "Chess.com"]
[Date "2024.02.27"]
[Round "8"]
[White "rhungaski"]
[Black "jcmesafischer"]
[Result "0-1"]
[WhiteElo "2587"]
[BlackElo "2397"]
[TimeControl "180+1"]
[EndTime "9:28:26 PST"]
[Termination "jcmesafischer won on time"]

1. e4 c5 2. Nf3 d6 3. d4 cxd4 4. Nxd4 Nf6 5. Nc3 a6 6. Be2 e5 7.
Nb3 Be7 8. O-O Be6 9. Bf3 Nbd7 10. a4 O-O 11. Re1 Nb6 12. Nd2 Rc8 13. Nf1 Qc7 14. Ne3 Rfd8 15. Re2 Nc4 16. Ncd5 Bxd5 17. Nxd5 Nxd5 18.
Qxd5 h6 19. Bg4 Rb8 20. b3 Nb6 21. Qa5 Na8 22. Qxc7 Nxc7 23. c4 a5 24. Ba3 b6 25.
Rd1 Na6 26. g3 Nc5 27. Rb1 g6 28. h4 h5 29. Bh3 Bf8 30. Kg2 Rb7 31. Bc1 Rc7 32.
Bg5 Be7 33. Bd2 Kh7 34. Bc3 Bf8 35. f3 f6 36. Rd2 Be7 37. Rd5 Rf8 38. Kf2 f5 39.
exf5 gxf5 40. Ke2 f4 41. g4 Rc6 42. gxh5 Bxh4 43. Bg4 Kh6 44. Bd2 Bg5 45. Rh1 Rc7 46. Rb1 Be7 47. Be1 Nb7 48. Bf2 Rc6 49. Bg1 Nc5 50.
Bxc5 bxc5 51. Rbd1 Rb6 0-1

[Event "Early-Titled-Tuesday-Blitz-February-27-2024"]
[Site "Chess.com"]
[Date "2024.02.27"]
[Round "8"]
[White "NowInChess"]
[Black "secrethawk1"]
[Result "0-1"]
[WhiteElo "2252"]
[BlackElo "2482"]
[TimeControl "180+1"]
[EndTime "9:28:27 PST"]
[Termination "secrethawk1 won on time"]

1. e4 c5 2. d3 d5 3. Nd2 Nc6 4.
Ngf3 Nf6 5. g3 e5 6. Bg2 Be7 7. O-O O-O 8. exd5 Nxd5 9. Nc4 Bf6 10. Re1 Re8 11. c3 b5 12. Ne3 Nxe3 13. Bxe3 Qb6 14. b4 Bb7 15. Bxc5 Qc7 16. Rc1 a5 17. a3 Rad8 18. Qe2 Bc8 19. Qe3 Bf5 20. Bb6 Qd7 21.
Bxd8 Rxd8 22. Rcd1 axb4 23. axb4 e4 24. dxe4 Qxd1 25.
exf5 Qd7 26. Nd2 h6 27. Ne4 Qxf5 28. Nxf6+ Qxf6 29. Qc5 Nb8 30. Qxb5 Kh7 31. Be4+ g6 32. c4 Rd2 33. Rf1 Nd7 34. Qc6 Qe7 35. Bd5 Ne5 36.
Qc5 Qf6 37. Qe3 Rb2 38. b5 Qf5 39. Re1 Ng4 40. Qf3 Rb1 41. Qxf5 Rxe1+ 42. Kg2 gxf5 43. b6 Ne5 44. b7 Nd7 45. Bc6 Nb8 46. Bb5 Rb1 47.
Kf3 Kg7 48. Kf4 Kf6 49. h3 h5 50. h4 Re1 51. Kf3 Re7 52. Kf4 Rxb7 0-1

[Event "Early-Titled-Tuesday-Blitz-February-27-2024"]
[Site "Chess.com"]
[Date "2024.02.27"]
[Round "8"]
[White "Janosik"]
[Black "Jospem"]
[Result "0-1"]
[WhiteElo "2864"]
[BlackElo "3069"]
[TimeControl "180+1"]
[EndTime "9:28:28 PST"]
[Termination "Jospem won by resignation"]

1. d4 Nf6 2. c4 e6 3. Nc3 Bb4 4. Qc2 d6 5. Bg5 c5 6. dxc5 Bxc5 7.
e3 h6 8. Bh4 Nc6 9. Nf3 O-O 10.
Be2 d5 11. cxd5 exd5 12. Bxf6 Qxf6 13. O-O Ne7 14. Nxd5 Nxd5 15. Qxc5 Qxb2 16. Bc4 Nb6 17. Bb3 Qf6 18. Qc7 Be6 19. Qxb7 Rfb8 20. Qe4 Bxb3 21. axb3 Rd8 22. Nd4 Nd5 23. Rfc1 Rd6 24. h3 g6 25. Ra5 Qd8 26. Rc6 Rd7 27. Rac5 Kh7 28. h4 Qe8 29. Qf3 Rad8 30. h5 Ne7 31. Rf6 Ng8 32. hxg6+ fxg6 33. Ra6 Qe7 34. Rcc6 Rd6 35. Qg3 Rxc6 36. Rxc6 Qf7 37.
Rc7 Rd7 38. Rc8 Nf6 39. Qe5 Re7 40. Qb8 Kg7 41. Qa8 Ne4 42. Nf3 g5 43. Qb8 g4 44. Rc4 gxf3 45. g3 Ng5 46. Qb4 Qe6 47. Qc3+ Qf6 48. Qc1 Qe6 49. Rc5 Rd7 50. Qc3+ Kf7 51.
Qc2 Ke7 52. Qc1 Qh3 53. Re5+ Kf6 0-1